 Dungeon Crawl Stone Soup version 0.20-a0-526-g753eaab (webtiles) character file.

118231 dvd the Eclecticist (level 16, -17/117 HPs)
             Began as a Mummy Necromancer on Jan 26, 2017.
             Was an Initiate of Gozag.
             Killed from afar by a thorn hunter (40 damage)
             ... with a volley of thorns
             ... on level 1 of the Swamp on Jan 27, 2017.
             The game lasted 02:41:06 (33675 turns).

dvd the Eclecticist (Mummy Necromancer)            Turns: 33675, Time: 02:41:08

Health: -17/117    AC: 24    Str: 18    XL:     16   Next: 25%
Magic:  24/36      EV: 27    Int: 16    God:    Gozag
Gold:   2064       SH: 10    Dex: 23    Spells: 18/47 levels left

rFire    + + .     SeeInvis +   a - +9 trident (protect)
rCold    + . .     Gourm    .   v - +2 ring mail of Heelut {*Drain rElec rF+++ Stlth+}
rNeg     + + +     Faith    .   K - +3 warlock's mirror {reflect}
rPois    ∞         Spirit   .   O - +2 helmet {SInv}
rElec    +         Reflect  +   S - +0 cloak
rCorr    .         Harm     .   g - +0 pair of gloves
MR       ++...                  H - +2 pair of boots {run}
Stlth    +++++.....             u - amulet of regeneration
Regen    0.7/turn               p - ring of Zyn Emeesi {Int-4 Dex+6 Slay+4}
                                l - +5 ring of evasion

@: mighty, agile, gold aura, protection aura, quick
A: no food or potions, fire vulnerability, cold resistance 1, negative energy
resistance 3, torment resistance, unbreathing, in touch with death 1
a: Potion Petition, Call Merchant, Bribe Branch, Renounce Religion


You were on level 1 of the Swamp.
You worshipped Gozag.
Gozag was most pleased with you.
You were not hungry.

You visited 5 branches of the dungeon, and saw 25 of its levels.
You also visited: Sewer and Volcano.

You collected 10794 gold pieces.
You spent 3120 gold pieces at shops.
You paid 5610 gold pieces to Gozag.

Inventory:

Hand Weapons
 a - a +9 trident of protection (weapon)
 N - a +0 demon trident of flaming
Armour
 g - a +0 pair of gloves (worn)
 v - the +2 ring mail of Heelut (worn) {*Drain rElec rF+++ Stlth+}
   (You found it on level 11 of the Dungeon)

   It renders you almost immune to fire.
   It insulates you from electricity.
   It causes draining when unequipped.
   It makes you more stealthy.
 H - a +2 pair of boots of running (worn)
 K - the +3 warlock's mirror (worn) {reflect}
   (You bought it in a shop on level 9 of the Dungeon)
 O - a +2 helmet of see invisible (worn)
 S - a +0 cloak (worn)
 U - the +3 hat of Pondering {ponderous, MR+ MP+10 Int+5}
   (You bought it in a shop on level 5 of the Lair of Beasts)

   It affects your intelligence (+5).
   It affects your resistance to hostile enchantments.
   It affects your magic capacity (+10).
Magical Staves
 T - an uncursed staff of death
Jewellery
 d - an uncursed ring of flight
 l - a +5 ring of evasion (left hand)
 o - a +4 amulet of reflection
 p - the ring of Zyn Emeesi (right hand) {Int-4 Dex+6 Slay+4}
   (You bought it in a shop on level 4 of the Dungeon)

   [ring of dexterity]

   It affects your intelligence (-4).
   It affects your dexterity (+6).
   It affects your accuracy and damage with ranged weapons and melee attacks
   (+4).
 u - an amulet of regeneration (around neck)
 G - the ring of Pirhax {Str+3 Dex+2}
   (You acquired it on level 13 of the Dungeon)

   [ring of strength]

   It affects your strength (+3).
   It affects your dexterity (+2).
Wands
 h - a wand of flame (13/48)
 k - a wand of flame (14/48)
 n - a wand of acid (4/15)
 r - a wand of disintegration (5/24)
 t - a wand of confusion (28/48)
 w - a wand of confusion (24/48)
 B - a wand of clouds (3/9)
 D - a wand of lightning (5/15)
 F - a wand of flame (29/48)
 R - a wand of confusion (30/48)
Scrolls
 e - 10 scrolls of remove curse
 i - 6 scrolls of amnesia
 j - 14 scrolls of identify
 q - 2 scrolls of blinking
 s - 6 scrolls of teleportation
 z - 5 scrolls of fear
 C - 2 scrolls of summoning
 I - 3 scrolls of recharging
 P - a scroll of enchant armour
 V - 2 scrolls of magic mapping
Books
 b - a book of Necromancy

   Spells                             Type                      Level
   a - Pain                           Necromancy                   1
   b - Animate Skeleton               Necromancy                   1
   c - Vampiric Draining              Necromancy                   3
   d - Regeneration                   Charms/Necromancy            3
   e - Animate Dead                   Necromancy                   4
   f - Control Undead                 Necromancy                   4
 c - the Almanac of Destructive Curses
   (You found it on level 2 of the Lair of Beasts)

   Spells                             Type                      Level
   a - Confusing Touch                Hexes                        1
   b - Leda's Liquefaction            Hexes/Earth                  4
   c - Bolt of Magma                  Conjuration/Fire/Earth       5
   d - Lightning Bolt                 Conjuration/Air              5
   e - Summon Mana Viper              Hexes/Summoning              5
 x - a book of Clouds

   Spells                             Type                      Level
   a - Poisonous Vapours              Poison/Air                   2
   b - Mephitic Cloud                 Conjuration/Poison/Air       3
   c - Conjure Flame                  Conjuration/Fire             3
   d - Freezing Cloud                 Conjuration/Ice/Air          6
   e - Ring of Flames                 Charms/Fire                  7
 y - a book of Geomancy

   Spells                             Type                      Level
   a - Sandblast                      Earth                        1
   b - Passwall                       Transmutation/Earth          2
   c - Stone Arrow                    Conjuration/Earth            3
   d - Petrify                        Transmutation/Earth          4
   e - Lee's Rapid Deconstruction     Earth                        5
 A - a book of Misfortune

   Spells                             Type                      Level
   a - Confusing Touch                Hexes                        1
   b - Confuse                        Hexes                        3
   c - Gell's Gravitas                Hexes/Translocation          3
   d - Petrify                        Transmutation/Earth          4
   e - Metabolic Englaciation         Hexes/Ice                    5
   f - Yara's Violent Unravelling     Hexes/Transmutation          5
 E - a book of Party Tricks

   Spells                             Type                      Level
   a - Summon Butterflies             Summoning                    1
   b - Apportation                    Translocation                1
   c - Lesser Beckoning               Translocation                3
   d - Tukima's Dance                 Hexes                        3
   e - Alistair's Intoxication        Transmutation/Poison         5
   f - Invisibility                   Hexes                        6
 J - a book of Cantrips

   Spells                             Type                      Level
   a - Confusing Touch                Hexes                        1
   b - Animate Skeleton               Necromancy                   1
   c - Summon Small Mammal            Summoning                    1
   d - Apportation                    Translocation                1
 L - a book of Maledictions

   Spells                             Type                      Level
   a - Corona                         Hexes                        1
   b - Ensorcelled Hibernation        Hexes/Ice                    2
   c - Confuse                        Hexes                        3
   d - Tukima's Dance                 Hexes                        3
   e - Dazzling Spray                 Conjuration/Hexes            3
 M - a book of Death

   Spells                             Type                      Level
   a - Corpse Rot                     Necromancy                   2
   b - Sublimation of Blood           Necromancy                   2
   c - Agony                          Necromancy                   5
   d - Dispel Undead                  Necromancy                   5
   e - Excruciating Wounds            Charms/Necromancy            5
   f - Bolt of Draining               Conjuration/Necromancy       5


   Skills:
 + Level 8.0 Fighting
   Level 0.5(7.2) Axes
 + Level 11.3 Polearms
 + Level 5.8 Armour
 + Level 7.0 Dodging
 + Level 5.5 Stealth
 * Level 7.4 Shields
 + Level 16.3 Spellcasting
 + Level 5.1 Conjurations
 + Level 6.0 Hexes
 + Level 12.7 Necromancy
 + Level 0.2 Evocations


You had 18 spell levels left.
You knew the following spells:

 Your Spells              Type           Power        Failure   Level  Hunger
a - Pain                  Necr           ####         1%          1    N/A
b - Vampiric Draining     Necr           ######....   1%          3    N/A
c - Control Undead        Necr           ######....   1%          4    N/A
d - Confuse               Hex            ####....     1%          3    N/A
e - Dispel Undead         Necr           ######..     1%          5    N/A
f - Agony                 Necr           ######..     1%          5    N/A
g - Bolt of Draining      Conj/Necr      ######....   6%          5    N/A
h - Dazzling Spray        Conj/Hex       ####..       2%          3    N/A

Dungeon Overview and Level Annotations

Branches:
Dungeon (15/15)            Temple (1/1) D:6            Lair (6/6) D:11
  Swamp (1/4) Lair:2       Spider (0/4) Lair:4        Slime (0/5) Lair:6
    Orc (2/2) D:11            Elf (0/3) Orc:2        Vaults (0/5) D:14
 Depths (0/5) D:15

Altars:
Ashenzari
Cheibriados
Dithmenos
Elyvilon
Fedhas
Gozag
Hepliaklqana
Kikubaaqudgha
Makhleb
Nemelex Xobeh
Okawaru
Qazlal
Ru
Sif Muna
Trog
Uskayaw
Vehumet
Xom
Yredelemnul
Zin
The Shining One
Jiyva

Shops:
D:4 *   D:7 *[   D:9 [   D:11 %   D:12 !   Orc:1 :   Orc:2 [:%?   Lair:4 *
Lair:5 [   Lair:6 [

Portals:
Pandemonium: Orc:2

Annotations:
D:10 confidenceinterval's ghost, journeyman GrBe


Innate Abilities, Weirdness & Mutations

You do not eat or drink.
Your flesh is vulnerable to fire.
You are immune to poison.
Your flesh is cold resistant. (rC+)
You are immune to negative energy. (rN+++)
You are immune to unholy pain and torment.
You can survive without breathing.
You are in touch with the powers of death.


Message History

The spiny frog croaks.
You hit the slime creature.
The slime creature is severely wounded.
You block the slime creature's attack.
The thorn hunter fires a volley of thorns at you.
The volley of thorns hits you!
You completely miss the thorn hunter.
The spriggan rider hits you from afar with a spear!!
* * * LOW HITPOINT WARNING * * *
A large slime creature splits.
Unknown command. [a] - 336 gold - resistance and agility [b] - 192 gold - might and agility [c] - 1008 gold - resistance, invisibility, agility, haste and brilliance Purchase which effect?
You feel very mighty all of a sudden.
You feel agile all of a sudden.
The thorn hunter fires a volley of thorns at you.
The volley of thorns hits you!
You die...
Your body crumbles into a pile of gold.

≈≈.≈..≈≈≈.≈.♣≈.♣
≈≈.≈.≈≈≈......♣
≈≈≈..≈.[.≈≈≈$♣
.≈..≈.≈≈≈≈≈..♣
.≈.≈≈..≈.$..♣
.≈≈.♣♣.≈.≈.♣ .
♣.iJJ.♣ ≈≈ ≈. $
♣.fJF♣♣ ≈≈≈ ♣♣≈
♣♣.@.♣ ♣≈♣♣.≈
♣♣...♣♣ ♣≈.[.♣
♣≈≈♣..♣ ♣≈..♣
♣♣..≈≈♣♣ ♣♣.§≈♣♣♣♣
♣♣.≈.>♣ ♣♣........
♣..≈≈♣♣♣♣.♣.......
♣♣.≈≈≈♣♣....######
♣.≈≈≈...≈..#...#.
♣..≈≈≈.≈≈..#.....


You could see a thorn hunter, 3 slime creatures, a spriggan rider and a spiny
frog.

Vanquished Creatures
  Rupert (D:14)
  Kirke (Lair:4)
  Azrael (D:15)
  Snorg (Lair:3)
  4 fire dragons
  The ghost of Klosterheim the Spear-Bearer, a journeyman MiFi of Okawaru (Lair:1)
  5 hydras
  A centaur warrior (D:15)
  A vault guard (D:14)
  7 two-headed ogres
  A death knight (D:14)
  10 death yaks
  2 alligators (Swamp:1)
  4 orc high priests (Orc:2)
  A queen ant (Lair:2)
  3 tengu warriors
  A soul eater (Orc:2)
  A skeletal warrior (D:14)
  A sixfirhy (Orc:2)
  A swamp dragon (Lair:2)
  3 unseen horrors
  A shambling mangrove (Swamp:1)
  3 lindwurms
  7 orc knights
  Pikel (D:8)
  2 gelid demonspawn (Orc:2)
  3 oklob plants (D:11)
  2 deep elf magi (D:14)
  3 ugly things
  A wolf spider (D:15)
  10 orc sorcerers
  3 cyclopes
  A manticore (D:13)
  10 elephants
  Joseph (D:9)
  5 black mambas
  3 molten gargoyles (Volcano)
  A toenail golem (Volcano)
  2 gargoyles
  6 torpor snails (Lair:6)
  An ice statue (D:7)
  7 spiny frogs
  A smoke demon (Orc:2)
  4 komodo dragons
  2 rime drakes
  2 efreet (Volcano)
  2 ice devils (Orc:2)
  A hellwing (Orc:2)
  5 meliai (D:14)
  8 hornets
  11 trolls
  15 polar bears
  A bog body (Swamp:1)
  A jumping spider (Lair:4)
  15 blink frogs
  3 slime creatures
  A meliai zombie (D:10)
  3 raiju (Lair:6)
  7 dream sheep (Lair:5)
  13 hippogriffs
  Grinder (D:4)
  4 tyrant leeches (Lair:6)
  4 snapping turtles (D:12)
  A spriggan (Swamp:1)
  5 wraiths
  A shadow (D:15)
  Sigmund (D:5)
  6 wyverns
  60 yaks
  8 fire elementals
  6 basilisks
  A human (shapeshifter) (D:14)
  3 hungry ghosts
  A hog (Lair:4)
  A neqoxec (Orc:2)
  A steam dragon (D:12)
  2 acid dragons
  10 wargs
  6 soldier ants
  17 water moccasins
  Duvessa (D:5)
  14 hell hounds
  8 porcupines
  4 swamp drakes (Swamp:1)
  14 black bears
  2 sky beasts (D:14)
  35 orc warriors
  2 necrophages (D:13)
  3 boggarts (D:14)
  7 phantoms
  3 eyes of draining
  5 ice beasts
  14 wolves
  13 ogres
  7 centaurs
  11 crocodiles
  2 big kobolds
  18 bullfrogs
  A gnoll sergeant (D:8)
  2 earth elementals (Volcano)
  Dowan (D:5)
  A scorpion (D:9)
  2 troll zombies (D:11)
  A water moccasin skeleton (D:4)
  11 killer bees
  5 howler monkeys
  13 wights
  6 electric eels
  3 centaur zombies
  7 crimson imps
  A jelly (D:13)
  2 quasits
  5 bullfrog skeletons
  3 hounds
  25 orc priests
  7 centaur skeletons
  5 iguanas
  27 orc wizards
  4 hell rats (Lair:5)
  24 worker ants
  4 ogre zombies (D:11)
  A hound zombie (D:9)
  2 worker ant zombies
  21 gnolls
  5 river rats (Sewer)
  20 adders
  6 shadow imps
  A white imp (D:8)
  2 oozes
  An ooze (shapeshifter) (D:13)
  2 adder zombies
  2 adder skeletons
  3 worms
  An adder simulacrum (D:9)
  3 leopard geckos
  93 orcs
  6 ball pythons
  3 giant cockroaches
  3 hobgoblins
  10 jackals
  12 quokkas
  9 bats
  5 frilled lizards
  10 goblins
  A goblin skeleton (D:11)
  A goblin zombie (D:11)
  4 hobgoblin zombies (D:11)
  A jackal skeleton (D:5)
  26 kobolds
  4 orc skeletons (D:11)
  11 orc zombies (D:11)
  25 rats
  A fire vortex (Volcano)
  3 plants
979 creatures vanquished.

Vanquished Creatures (collateral kills)
  A two-headed ogre (D:11)
  A tengu conjurer (D:14)
  A meliai (D:14)
  A slime creature (D:15)
  An orc warrior (D:11)
  A centaur (D:15)
  A bullfrog (D:14)
  A scorpion (D:7)
  3 wights (D:7)
  An electric eel (D:12)
  A hound (D:7)
  2 ogre zombies (D:11)
  An orc (D:13)
  A goblin zombie (D:11)
  An orc skeleton (D:11)
  2 orc zombies (D:11)
20 creatures vanquished.

Vanquished Creatures (others)
  An efreet (Volcano)
  3 slaves
  A hound (D:8)
  2 orcs
  2 jackals (D:8)
  4 fungi (Lair:5)
  14 plants (Lair:6)
27 creatures vanquished.

Grand Total: 1026 creatures vanquished

Notes
Turn   | Place    | Note
-------+----------+-------------------------------------------
     0 | D:1      | dvd the Mummy Necromancer began the quest for the Orb.
     0 | D:1      | Reached XP level 1. HP: 13/13 MP: 4/4
   388 | D:1      | Reached XP level 2. HP: 19/19 MP: 2/5
  1109 | D:2      | Reached skill level 3 in Spellcasting
  1109 | D:2      | Reached XP level 3. HP: 21/24 MP: 0/7
  1343 | D:2      | Learned a level 3 spell: Vampiric Draining
  1466 | D:2      | Reached XP level 4. HP: 22/30 MP: 4/9
  1534 | D:2      | Reached skill level 4 in Spellcasting
  2021 | D:3      | Reached skill level 5 in Necromancy
  3066 | D:4      | Reached XP level 5. HP: 32/36 MP: 7/11
  3133 | D:4      | Noticed Grinder
  3150 | D:4      | Killed Grinder
  3150 | D:4      | Reached skill level 1 in Fighting
  3150 | D:4      | Reached skill level 1 in Polearms
  3150 | D:4      | Reached skill level 5 in Spellcasting
  3150 | D:4      | Reached XP level 6. HP: 42/43 MP: 11/13
  3156 | D:4      | Learned a level 4 spell: Control Undead
  3170 | D:4      | Found Pameivoi's Assorted Antiques.
  3179 | D:4      | Bought a flickering golden ring for 110 gold pieces
  3180 | D:4      | Identified the ring of Zyn Emeesi {Int-4 Dex+6 Slay+4} (You bought it in a shop on level 4 of the Dungeon)
  3471 | D:4      | Reached skill level 1 in Armour
  3471 | D:4      | Reached XP level 7. HP: 35/50 MP: 8/15
  3614 | D:4      | Found an iron altar of Okawaru.
  3773 | D:4      | Reached skill level 6 in Spellcasting
  4238 | D:5      | Entered Level 5 of the Dungeon
  4423 | D:5      | Reached XP level 8. HP: 47/56 MP: 17/17
  4458 | D:5      | Noticed Duvessa
  4458 | D:5      | Noticed Dowan
  4481 | D:5      | Killed Duvessa
  4494 | D:5      | Killed Dowan
  4798 | D:5      | Noticed Sigmund
  4807 | D:5      | Killed Sigmund
  4932 | D:6      | Found a glowing drain.
  4945 | D:6      | Reached skill level 7 in Spellcasting
  5009 | Sewer    | Entered a sewer
  5588 | D:6      | Reached skill level 5 in Polearms
  5665 | D:6      | Reached XP level 9. HP: 55/64 MP: 19/19
  5675 | D:6      | Found a staircase to the Ecumenical Temple.
  5688 | Temple   | Entered the Ecumenical Temple
  5694 | Temple   | Became a worshipper of Gozag Ym Sagoz the Greedy
  6633 | D:7      | Noticed an ice statue
  6973 | D:7      | Killed an ice statue
  7000 | D:7      | Got a faintly glowing arbalest
  7021 | D:7      | Identified the +5 arbalest "Parus" {penet, rElec rN++ Int-4} (You found it on level 7 of the Dungeon)
  7510 | D:7      | Found Gaeruiga's Serpentskin Sales.
  7673 | D:8      | Found a shadowy altar of Dithmenos.
  7770 | D:8      | Reached skill level 8 in Spellcasting
  7839 | D:8      | Reached XP level 10. HP: 68/72 MP: 22/22
  7896 | D:8      | Noticed Pikel
  7917 | D:8      | Killed Pikel
  8194 | D:8      | Noticed a lindwurm
  8467 | D:8      | Noticed a lindwurm
  8468 | D:8      | Noticed a lindwurm
  8632 | D:9      | Noticed Joseph
  8634 | D:9      | Noticed a two-headed ogre
  9132 | D:8      | Reached skill level 9 in Spellcasting
  9467 | D:8      | Killed a two-headed ogre
  9704 | D:9      | Killed Joseph
  9786 | D:9      | Noticed a two-headed ogre
  9799 | D:9      | Reached skill level 10 in Spellcasting
 10234 | D:9      | Found Toigibb's Armour Emporium.
 10486 | D:9      | Reached XP level 11. HP: 46/78 MP: 9/25
 11022 | D:7      | Found Furaick's Armour Shoppe.
 11030 | D:7      | Bought a +0 pair of boots of running for 441 gold pieces
 11414 | D:9      | Learned a level 3 spell: Confuse
 11709 | D:10     | Entered Level 10 of the Dungeon
 11802 | D:10     | Reached skill level 5 in Fighting
 12145 | D:10     | Killed an unseen horror
 12458 | D:10     | Reached skill level 11 in Spellcasting
 12856 | D:10     | Noticed confidenceinterval's ghost (journeyman GrBe)
 12975 | D:11     | Noticed a purple ugly thing
 12997 | D:11     | Killed a purple ugly thing
 13047 | D:11     | Found Ixziczau's Food Shop.
 13103 | D:11     | Noticed an oklob plant
 13139 | D:11     | Noticed a two-headed ogre
 13393 | D:9      | Bought the +3 warlock's mirror {reflect} for 480 gold pieces
 13819 | D:11     | Found a staircase to the Orcish Mines.
 13839 | D:11     | Got a dazzling ring mail
 13871 | D:11     | Identified the +2 ring mail of Heelut {*Drain rElec rF+++ Stlth+} (You found it on level 11 of the Dungeon)
 13882 | D:11     | Killed a two-headed ogre
 13896 | D:11     | Noticed a two-headed ogre
 13909 | D:11     | Killed a two-headed ogre
 13909 | D:11     | Reached skill level 1 in Hexes
 14022 | D:11     | Reached skill level 1 in Shields
 14090 | D:11     | Noticed an oklob plant
 14090 | D:11     | Noticed an oklob plant
 14299 | D:11     | Found a staircase to the Lair.
 14606 | D:11     | Reached skill level 12 in Spellcasting
 14711 | D:12     | Noticed a two-headed ogre
 14721 | D:12     | Killed a two-headed ogre
 14721 | D:12     | Reached skill level 10 in Necromancy
 14760 | D:12     | Reached XP level 12. HP: 82/86 MP: 21/28
 14764 | D:12     | Found Wilijorch's Distillery.
 16087 | D:12     | Noticed a two-headed ogre
 16098 | D:12     | Killed a two-headed ogre
 16670 | Orc:1    | Entered Level 1 of the Orcish Mines
 16794 | D:11     | Paralysed by an orc sorcerer for 4 turns
 17300 | Orc:2    | Entered Level 2 of the Orcish Mines
 17550 | Orc:2    | Noticed a two-headed ogre
 17569 | Orc:2    | Killed a two-headed ogre
 17569 | Orc:2    | Reached skill level 13 in Spellcasting
 17601 | Orc:2    | Found a staircase to the Elven Halls.
 17786 | Orc:2    | Found a dark tunnel.
 17794 | Volcano  | Entered a volcano
 17953 | Volcano  | Gained mutation: You are in touch with the powers of death. [Mummy growth]
 17953 | Volcano  | Reached XP level 13. HP: 93/93 MP: 24/30
 18052 | Volcano  | Reached skill level 5 in Dodging
 18343 | Orc:2    | Reached skill level 5 in Hexes
 18848 | Orc:1    | Bought a book of Death for 1190 gold pieces
 18854 | Orc:1    | Learned a level 5 spell: Dispel Undead
 18860 | Orc:1    | Learned a level 5 spell: Agony
 18866 | Orc:1    | Learned a level 5 spell: Bolt of Draining
 19326 | Orc:2    | Found Wovvypa's Food Shop.
 19341 | Orc:2    | Reached skill level 1 in Conjurations
 19677 | Orc:2    | Found Canal's Magic Scroll Boutique.
 21086 | Orc:2    | Reached skill level 14 in Spellcasting
 21164 | Orc:2    | Found Vowky's Book Shoppe.
 21164 | Orc:2    | Found a one-way gate leading to the halls of Pandemonium.
 21164 | Orc:2    | Found Xarofyfo's Antique Armour Emporium.
 21168 | Orc:2    | Bought a runed helmet for 252 gold pieces
 21707 | Lair:1   | Entered Level 1 of the Lair of Beasts
 21900 | Lair:1   | Noticed Klosterheim's ghost (journeyman MiFi)
 21905 | Lair:1   | Killed Klosterheim's ghost
 21905 | Lair:1   | Reached XP level 14. HP: 101/101 MP: 16/32
 22537 | Lair:1   | Identified 2 scrolls of acquirement
 22538 | Lair:1   | Got a spiked buckler
 22549 | Lair:1   | Identified the +0 buckler "Soothraps" {*Contam *Slow rElec rPois} (You acquired it on level 1 of the Lair of Beasts)
 22641 | Lair:2   | Found a staircase to the Swamp.
 22770 | Lair:2   | Identified the Almanac of Destructive Curses
 23775 | Lair:3   | Reached skill level 10 in Polearms
 23775 | Lair:3   | Reached skill level 5 in Armour
 24131 | Lair:3   | Noticed Snorg
 24173 | Lair:3   | Killed Snorg
 25427 | Lair:4   | Noticed Kirke
 25437 | Lair:4   | Killed Kirke
 25658 | Lair:4   | Found a hole to the Spider Nest.
 26132 | Lair:4   | Reached skill level 15 in Spellcasting
 26406 | Lair:5   | Reached skill level 5 in Stealth
 26562 | Lair:5   | Reached skill level 5 in Shields
 26892 | Lair:5   | Learned a level 3 spell: Dazzling Spray
 27394 | Lair:5   | Reached skill level 5 in Conjurations
 27394 | Lair:5   | Reached XP level 15. HP: 108/108 MP: 15/34
 27637 | Lair:6   | Entered Level 6 of the Lair of Beasts
 28154 | Lair:6   | Found a staircase to the Slime Pits.
 28154 | Lair:6   | Found a viscous altar of Jiyva.
 29340 | Lair:6   | Found a runed door.
 29933 | Lair:5   | Bought the +3 hat of Pondering {ponderous, MR+ MP+10 Int+5} for 647 gold pieces
 30493 | D:13     | Got a steaming turquoise ring
 30495 | D:13     | Identified the ring of Pirhax {Str+3 Dex+2} (You acquired it on level 13 of the Dungeon)
 30510 | D:13     | Found Tihuclick's Antique Armour Emporium.
 31467 | D:14     | Found a blossoming altar of Fedhas.
 31643 | D:14     | Noticed Rupert
 31686 | D:14     | Killed Rupert
 31686 | D:14     | Reached skill level 16 in Spellcasting
 31926 | D:14     | Found a gate to the Vaults.
 32017 | D:15     | Entered Level 15 of the Dungeon
 32182 | D:15     | Reached XP level 16. HP: 79/116 MP: 16/36
 32359 | D:15     | Noticed Azrael
 32462 | D:15     | Killed Azrael
 33095 | D:15     | Found a staircase to the Depths.
 33326 | Swamp:1  | Entered Level 1 of the Swamp
 33663 | Swamp:1  | Noticed a thorn hunter
 33675 | Swamp:1  | Killed from afar by a thorn hunter

Vault maps used:
D:1:      minmay_arrival_widening_spiral_wide
D:2:      first_bread
D:4:      serial_shops, shop, okawaru_gym_becter, uniq_grinder
D:5:      minmay_misc_feat_square, st_stairs_6, uniq_duvessa, uniq_sigmund
D:6:      minmay_temple_entry_large_hall, gup_sewer_entry_glass
D:7:      lemuel_ice_statue, guppyfry_shop_venom
D:8:      basic_altar, blue_anna_alchemist, minmay_lindwurm_lava, uniq_pikel
D:9:      enter_bailey_3, serial_ice, serial_ice_a, serial_ice_k, serial_ice_m,
          serial_ice_o, serial_ice_d, serial_ice_e, serial_shops,
          nicolae_shop_stone, uniq_joseph
D:11:     dpeg_oklobed_lair, zombieorc2_lemuel, serial_shops,
          nicolae_shop_crystal
D:12:     wad_bat_island, serial_shops, nicolae_shop_behind_doors
D:13:     serial_shops, nicolae_shop_window_shopping
D:14:     david_vaults_5, lemuel_coloured_pillars_altar, uniq_rupert
D:15:     grunt_enter_depths_hoard, uniq_azrael
Temple:   nicolae_temple_the_god_donut
Lair:1:   minmay_stone_trees_small
Lair:2:   minmay_swamp_entry_reptiles, wad_woods_antlair
Lair:3:   grunt_megastairs_2, uniq_snorg
Lair:4:   beast_lair_carwin_large_1, spider_nest_entry_rubble,
          grunt_forest_stairs_basic, uniq_kirke
Lair:5:   grunt_megastairs_3, serial_bayou_shore_a
Lair:6:   wormcave, hangedman_lair_caniforms_friends, slime_altar_1,
          serial_bayou_pond_d
Swamp:1:  serial_swamp_ruin, hangedman_swamp_ruin_wall,
          evilmike_swamp_ruin_house_6, evilmike_swamp_ruin_house_1, swamp_pool5
Orc:2:    pf_orc_diabolical, lightli_volcano_entry_magma_tube
Sewer:    sewer_minmay_treatment
Volcano:  volcano_aerie

Skill      XL: |  1  2  3  4  5  6  7  8  9 10 11 12 13 14 15 16 |
---------------+-------------------------------------------------+-----
Spellcasting   | 3 4 5 6 7 8 10 12 13 14 15 16 | 16.3
Necromancy     | 5 6 7 8 10 11 12 | 12.7
Fighting       | 1 2 3 4 5 6 7 8 |  8.0
Polearms       | 1 2 3 5 6 7 8 9 10 11 | 11.3
Dodging        | 2 3 4 5 6 7 |  7.0
Armour         | 1 2 3 4 5 |  5.8
Stealth        | 2 3 4 5 |  5.5
Hexes          | 1 4 5 6 |  6.0
Shields        | 1 2 3 5 6 7 |  7.4
Conjurations   | 3 5 |  5.1
Axes           | |  0.5
Evocations     | |  0.2

Action                   |  1- 3 |  4- 6 |  7- 9 | 10-12 | 13-15 | 16-18 || total
-------------------------+-------+-------+-------+-------+-------+-------++-------
Melee: Hand axe          |     5 |    20 |       |       |       |       ||    25
       Short sword       |    11 |       |       |       |       |       ||    11
       Trident           |       |    60 |   489 |   975 |  2125 |   194 ||  3843
       Long sword        |       |       |     1 |       |       |       ||     1
       Spear             |       |       |     4 |       |       |       ||     4
 Cast: Pain              |    54 |    40 |    44 |   173 |   165 |     5 ||   481
       Vampiric Draining |       |     6 |    24 |   143 |   139 |    25 ||   337
       Control Undead    |       |       |     4 |    37 |     7 |     5 ||    53
       Confuse           |       |       |       |    12 |    53 |     7 ||    72
       Agony             |       |       |       |       |    45 |     4 ||    49
       Dispel Undead     |       |       |       |       |     7 |       ||     7
       Bolt of Draining  |       |       |       |       |    72 |     6 ||    78
       Dazzling Spray    |       |       |       |       |    20 |     1 ||    21
Invok: Call Merchant     |       |       |       |     2 |     3 |       ||     5
       Potion Petition   |       |       |       |     2 |       |     1 ||     3
 Abil: Evoke Flight      |       |       |     1 |     2 |       |       ||     3
  Use: Scroll            |     7 |       |     9 |     8 |    13 |     5 ||    42
 Stab: Sleeping          |       |       |     7 |     3 |    23 |     2 ||    35
       Distracted        |       |       |     1 |     8 |    22 |     1 ||    32
       Invisible         |       |       |       |     1 |     2 |       ||     3
       Confused          |       |       |       |     6 |    16 |     3 ||    25
       Paralysed         |       |       |       |     2 |       |       ||     2
Armor: Robe              |     5 |     3 |    76 |    32 |       |       ||   116
       Ring mail         |       |    17 |    46 |   115 |   443 |    62 ||   683
       Scale mail        |       |       |     7 |   106 |       |       ||   113
Dodge: Dodged            |    25 |    57 |   412 |   691 |  1137 |   136 ||  2458
Block: Other             |       |       |    91 |    86 |       |       ||   177
       Reflection        |       |       |     2 |    26 |    31 |     2 ||    61
       Buckler           |       |       |       |   243 |   746 |    77 ||  1066
